 Dungeon Crawl Stone Soup version 0.20-a0-1124-g2e29d97 (console) character file.

13184 Unlit the Cleaver (level 11, -2/92 HPs)
             Began as a Demigod Wanderer on May 17, 2017.
             Engulfed by an ice statue's freezing vapour (19 damage)
             ... in an ice cave.
             The game lasted 00:37:21 (17588 turns).

Unlit the Cleaver (Demigod Wanderer)               Turns: 17588, Time: 00:37:22

Health: -2/92      AC: 15    Str: 20    XL:     11   Next: 44%
Magic:  15/15      EV:  8    Int: 14    God:
Gold:   307        SH:  0    Dex: 18    Spells: 10/10 levels left

rFire    . . .     SeeInvis .   T - +5 battleaxe
rCold    . . .     Gourm    .   (shield currently unavailable)
rNeg     . . .     Faith    .   k - +0 chain mail
rPois    .         Spirit   .   (no helmet)
rElec    .         Reflect  .   x - +1 cloak
rCorr    .         Harm     .   b - +0 pair of gloves
MR       +....                  (no boots)
Stlth    ..........             j - amulet of rage
Regen    0.3/turn               o - +5 ring of slaying
MPRegen  0.2/turn               (no ring)

@: no status effects
A: high mp 1
a: Evoke Berserk Rage


You were in an ice cave.
You were hungry.

You visited 2 branches of the dungeon, and saw 12 of its levels.
You also visited: Ice Cave.

You collected 488 gold pieces.
You spent 181 gold pieces at shops.

Inventory:

Hand Weapons
 g - a +0 hand axe of venom
 Q - a +0 blowgun
 T - a +5 battleaxe (weapon)
Missiles
 M - 7 curare-tipped needles
Armour
 b - a +0 pair of gloves (worn)
 d - a +0 robe
 k - a +0 chain mail (worn)
 x - a +1 cloak (worn)
Jewellery
 j - an amulet of rage (around neck)
 o - a +5 ring of slaying (left hand)
Wands
 a - a wand of flame (28/48)
 n - a wand of digging (10/24)
 u - a wand of confusion (22/48)
 y - a wand of polymorph (0/24)
 A - a wand of acid (0/15)
 C - a wand of digging (9/24)
 H - a wand of random effects (34/48)
 K - a wand of flame (4/48)
 P - a wand of digging (15/24)
 W - a wand of acid (0/15)
Scrolls
 e - 3 scrolls of teleportation
 i - 2 scrolls of fog
 t - 3 scrolls of immolation
 w - 3 scrolls of remove curse
 E - 3 scrolls of enchant weapon {unknown}
 G - 2 scrolls of amnesia {unknown}
 J - a scroll of acquirement {unknown}
 N - a scroll of torment {unknown}
 O - a scroll of fear
 S - a scroll of magic mapping {unknown}
 U - a scroll of enchant armour {unknown}
 V - a scroll of recharging {unknown}
Potions
 c - 6 potions of curing
 l - 3 potions of ambrosia
 m - a potion of haste
 p - 5 potions of heal wounds
 q - 5 potions of might
 r - 3 potions of lignification
 s - 4 potions of flight
 v - a potion of berserk rage
 z - a potion of brilliance
 L - a potion of agility
Books
 B - a book of Power

   Spells                             Type                      Level
   a - Iskenderun's Battlesphere      Conjuration/Charms           5
   b - Venom Bolt                     Conjuration/Poison           5
   c - Bolt of Magma                  Conjuration/Fire/Earth       5
   d - Iron Shot                      Conjuration/Earth            6
   e - Orb of Destruction             Conjuration                  7
   f - Spellforged Servitor           Conjuration/Summoning        7
 D - a book of Frost

   Spells                             Type                      Level
   a - Freeze                         Ice                          1
   b - Throw Frost                    Conjuration/Ice              2
   c - Ozocubu's Armour               Charms/Ice                   3
   d - Throw Icicle                   Conjuration/Ice              4
   e - Summon Ice Beast               Ice/Summoning                4
Comestibles
 f - 10 bread rations
 F - 20 fruits


   Skills:
 - Level 7.0 Fighting
 + Level 12.5 Axes
   Level 3.0 Staves
 - Level 1.7 Throwing
 + Level 9.9 Armour
 - Level 2.0 Evocations


You had 10 spell levels left.
You didn't know any spells.

Dungeon Overview and Level Annotations

Branches:
Dungeon (11/15)            Temple (0/1) D:6            Lair (1/6) D:11
    Orc: D:9-12

Shops:
D:6 =   D:8 *   D:10 *

Annotations:
D:9 exclusion: ice statue
D:11 Maxmaps's ghost, journeyman DsHu IceCv exclusion: 2 ice statues


Innate Abilities, Weirdness & Mutations

You have an increased reservoir of magic. (+10% MP)


Message History

That choko was very bland.
You start resting.
You are near starving!
You eat one of the 21 fruits.
You are feeling hungry.
That snozzcumber tasted truly putrid!
You start resting.
HP restored.
Really walk into a travel-excluded area?
The ice statue glitters chillingly in the dim dungeon light.
The ice statue gestures at you. The ice statue gestures at you.
The freezing blast engulfs you!
You are engulfed in freezing vapours.
You are engulfed in freezing vapours.
The ice statue gestures at you. The freezing blast engulfs you!
* * * LOW HITPOINT WARNING * * *
You are engulfed in freezing vapours.
You die...

###.###
##.....##
##.......##
#.........#
#.........#
#........(#
#(........#
#.......(.#
#####@#####
#..§§§§§§8#
#..§§§§§§.#
#.§§§§§§§§#
#..§.§§§§.#
#.......§.#
##.......##
##.....##
###8###


You could see an ice statue.

Vanquished Creatures
  Urug (D:11)
  Nergalle (D:11)
  An ugly thing (IceCv)
  Maurice (D:9)
  Joseph (D:7)
  An ice statue (IceCv)
  A gargoyle (D:10)
  2 rime drakes
  Prince Ribbit (D:9)
  2 hornets
  A hippogriff (D:8)
  3 yaks (D:10)
  A wraith (D:11)
  A wyvern (D:8)
  A basilisk (D:8)
  3 hungry ghosts
  3 steam dragons (D:11)
  A water moccasin (D:8)
  2 porcupines (D:11)
  3 sky beasts
  3 orc warriors
  8 ice beasts
  A phantom (D:11)
  6 black bears
  An eye of draining (D:11)
  7 ogres
  10 centaurs
  3 big kobolds
  9 bullfrogs
  A gnoll sergeant (D:11)
  4 scorpions
  9 killer bees
  11 wights
  6 howler monkeys
  3 crimson imps
  A bullfrog zombie (D:5)
  3 jellies
  4 hounds
  10 orc wizards
  3 orc priests
  A centaur skeleton (D:4)
  3 centaur zombies
  Jessica (D:2)
  A bullfrog skeleton (D:5)
  Ijyb (D:4)
  Terence (D:2)
  2 iguanas (D:10)
  4 worker ants
  A hound zombie (D:6)
  A hound skeleton (D:9)
  A worker ant zombie (D:5)
  6 adders
  7 gnolls
  5 shadow imps
  3 adder zombies
  3 oozes
  2 adder skeletons
  2 worms (D:3)
  2 dart slugs
  3 leopard geckos
  23 orcs
  9 bats
  6 giant cockroaches
  12 goblins
  3 hobgoblins (D:3)
  6 jackals
  3 quokkas
  3 frilled lizards
  11 kobolds
  A leopard gecko skeleton (D:4)
  A quokka skeleton (D:4)
  2 quokka zombies
  9 rats
273 creatures vanquished.

Vanquished Creatures (others)
  A quokka (D:9)
  31 fungi (D:11)
  2 plants (D:11)
34 creatures vanquished.

Grand Total: 307 creatures vanquished

Notes
Turn   | Place    | Note
-------+----------+-------------------------------------------
     0 | D:1      | Unlit the Demigod Wanderer began the quest for the Orb.
     0 | D:1      | Unlit set off with: a +2 quarterstaff, a +0 hand axe, a potion of curing, a +0 robe, a bread ration
     0 | D:1      | Reached XP level 1. HP: 14/14 MP: 3/3
   258 | D:1      | Reached XP level 2. HP: 13/22 MP: 4/4
   405 | D:1      | Reached skill level 1 in Fighting
  1049 | D:2      | Reached XP level 3. HP: 20/28 MP: 5/5
  1303 | D:2      | Noticed Jessica
  1307 | D:2      | Killed Jessica
  1307 | D:2      | Reached skill level 4 in Axes
  1588 | D:2      | Noticed Terence
  2437 | D:2      | Killed Terence
  2437 | D:2      | Reached skill level 1 in Evocations
  2437 | D:2      | Reached XP level 4. HP: 26/36 MP: 5/7
  2824 | D:3      | Found a faded altar of an unknown god.
  3262 | D:4      | Found a shadowy altar of Dithmenos.
  3384 | D:4      | Noticed Ijyb
  3400 | D:4      | Reached XP level 5. HP: 33/41 MP: 9/9
  3433 | D:4      | Killed Ijyb
  3605 | D:4      | Found a white marble altar of Elyvilon.
  3607 | D:4      | Found a stormy altar of Qazlal.
  3607 | D:4      | Found a shimmering altar of Xom.
  3609 | D:4      | Found a blossoming altar of Fedhas.
  3609 | D:4      | Found a basalt altar of Yredelemnul.
  3609 | D:4      | Found a radiant altar of Vehumet.
  3743 | D:4      | Reached skill level 5 in Axes
  4303 | D:4      | Reached XP level 6. HP: 43/48 MP: 10/10
  4596 | D:5      | Entered Level 5 of the Dungeon
  5419 | D:5      | Reached skill level 6 in Axes
  5422 | D:5      | Reached XP level 7. HP: 55/55 MP: 11/11
  6130 | D:6      | Found a snail-covered altar of Cheibriados.
  6464 | D:6      | Found a staircase to the Ecumenical Temple.
  6628 | D:6      | Reached skill level 7 in Axes
  6628 | D:6      | Reached skill level 5 in Armour
  6859 | D:6      | Found Ucsassar's Jewellery Shop.
  6942 | D:6      | Reached XP level 8. HP: 52/62 MP: 12/12
  7233 | D:7      | Noticed Joseph
  7673 | D:7      | Killed Joseph
  7673 | D:7      | Reached skill level 8 in Axes
  8044 | D:8      | Found Iprustes's General Store.
  8053 | D:8      | Bought a scroll of fog for 26 gold pieces
  8131 | D:8      | Noticed a hippogriff
  8147 | D:8      | Killed a hippogriff
  8147 | D:8      | Reached skill level 5 in Fighting
  8763 | D:8      | Reached XP level 9. HP: 63/74 MP: 13/13
  8840 | D:8      | Reached skill level 9 in Axes
  9170 | D:8      | Paralysed by a hornet for 3 turns
  9442 | D:8      | Noticed Psyche
  9450 | D:8      | Noticed Psyche
  9450 | D:8      | Psyche changed into Psyche the basilisk
  9463 | D:8      | Killed Psyche the basilisk
  9943 | D:8      | Reached skill level 10 in Axes
 10171 | D:9      | Noticed Maurice
 10185 | D:9      | Killed Maurice
 10421 | D:9      | Reached XP level 10. HP: 72/86 MP: 14/14
 10650 | D:9      | Noticed Prince Ribbit
 10667 | D:9      | Killed Prince Ribbit
 10882 | D:9      | Found a deep blue altar of Sif Muna.
 10883 | D:9      | Found an opulent altar of Gozag.
 10938 | D:9      | Noticed an ice statue
 11465 | D:9      | Found a white marble altar of Elyvilon.
 11538 | D:10     | Entered Level 10 of the Dungeon
 11755 | D:10     | Found Qis Xeh's General Store.
 11758 | D:10     | Bought a scroll of fear for 49 gold pieces
 11758 | D:10     | Bought a potion of flight for 42 gold pieces
 11758 | D:10     | Bought 18 arrows for 50 gold pieces
 11763 | D:10     | Bought a scroll of noise for 14 gold pieces
 11980 | D:10     | Noticed Sonja
 11988 | D:10     | Noticed Sonja
 11988 | D:10     | Sonja changed into Sonja the big kobold
 11990 | D:10     | Noticed Sonja
 11990 | D:10     | Sonja the big kobold changed into Sonja the ogre
 12008 | D:10     | Killed Sonja the ogre
 12373 | D:10     | Reached skill level 11 in Axes
 13152 | D:11     | Found a staircase to the Lair.
 13813 | D:11     | Noticed Urug
 13843 | D:11     | Killed Urug
 14186 | D:11     | Reached XP level 11. HP: 64/92 MP: 15/15
 14298 | D:11     | Noticed Maxmaps's ghost (journeyman DsHu)
 14605 | D:11     | Noticed Nergalle
 14640 | D:11     | Killed Nergalle
 14808 | D:11     | Reached skill level 12 in Axes
 15693 | Lair:1   | Entered Level 1 of the Lair of Beasts
 15703 | Lair:1   | Found a frozen archway.
 16016 | IceCv    | Entered an ice cave
 17588 | IceCv    | Engulfed by an ice statue's freezing vapour

Vault maps used:
D:1:      nagdon_arrival_zigzag_paths
D:2:      uniq_terence, uniq_jessica
D:3:      first_bread, chequers_ecumenical_altar_simple
D:4:      doesnt_xom_only_xom, grunt_dithmenos_smoke_and_mirrors, uniq_ijyb
D:6:      minmay_temple_entry_metal_lava, serial_shops, kennysheep_little_box,
          supply_closet_lemuel, kennysheep_slug_shrine
D:7:      serial_curves, eino_curves_03, eino_curves_01, uniq_joseph
D:8:      serial_shops, nicolae_shop_stone, blue_anna_alchemist,
          kennysheep_potato, uniq_psyche
D:9:      elyvilon_altar_4, gammafunk_temple_overflow_statue, minivault_16,
          kennysheep_another_room, uniq_maurice, uniq_prince_ribbit1
D:10:     serial_shops, kennysheep_mini_moat, uniq_sonja
D:11:     cheibrodos_steamvent, due_lair_maze_entry_diamond,
          hangedman_abyss_or_decor_clamps, uniq_urug, uniq_nergalle
Lair:1:   portal_ice_cave_rime
IceCv:    ice_cave_statue_garden_chambered

Skill      XL: |  1  2  3  4  5  6  7  8  9 10 11 |
---------------+----------------------------------+-----
Staves         | 3 |  3.0
Fighting       | 1 2 5 7 |  7.0
Axes           | 4 5 6 7 8 10 11 12 | 12.5
Evocations     | 1 2 |  2.0
Armour         | 2 3 5 6 8 9 |  9.9
Throwing       | |  1.7

Action                   |  1- 3 |  4- 6 |  7- 9 | 10-12 || total
-------------------------+-------+-------+-------+-------++-------
Melee: Quarterstaff      |    16 |       |       |       ||    16
       Hand axe          |    70 |   238 |   323 |   424 ||  1055
       Battleaxe         |       |       |       |    56 ||    56
 Abil: Evoke Berserk Rag |       |     2 |     2 |     3 ||     7
Evoke: Wand              |       |       |     4 |    23 ||    27
  Use: Scroll            |       |       |    10 |     3 ||    13
       Potion            |       |       |       |     4 ||     4
 Stab: Sleeping          |     5 |       |       |       ||     5
       Distracted        |     1 |       |       |       ||     1
       Confused          |       |       |     1 |       ||     1
       Invisible         |       |       |       |     1 ||     1
  Eat: Chunk             |     2 |     9 |     9 |    23 ||    43
       Royal jelly       |     1 |       |     1 |     2 ||     4
       Meat ration       |       |     1 |     1 |       ||     2
       Fruit             |       |       |       |     7 ||     7
       Bread ration      |       |       |       |     2 ||     2
Armor: Robe              |    20 |       |       |       ||    20
       Chain mail        |       |   151 |   130 |   252 ||   533
       Skin              |       |       |       |     4 ||     4
Dodge: Dodged            |    44 |    75 |    86 |   153 ||   358
